 Dungeon Crawl Stone Soup version 0.25-a0-435-g4b9beb1024 (webtiles) character file.

Game seed: 8224294218484929710, levelgen mode: deterministic

3992 kae the Severer (level 10, -2/77 HPs)
             Began as a Hill Orc Fighter on Jan 29, 2020.
             Was a Believer of Makhleb.
             Slain by a wight
             ... wielding a cursed +1 scimitar
              (5 damage)
             ... on level 8 of the Dungeon.
             The game lasted 00:07:35 (6896 turns).

kae the Severer (Hill Orc Fighter)                  Turns: 6896, Time: 00:07:36

Health: -2/77      AC:  4    Str: 29    XL:     10   Next: 23%
Magic:  15/15      EV:  7    Int:  8    God:    Makhleb [**....]
Gold:   375        SH:  9    Dex: 10    Spells: 9/9 levels left

rFire    + + .     SeeInvis +   a - +1 war axe
rCold    . . .     Gourm    .   c - +0 shield
rNeg     . . .     Faith    .   s - +1 scale mail {rF+}
rPois    .         Spirit   .   C - +1 helmet {SInv}
rElec    .         Reflect  .   A - +0 cloak of the Gusle {*Corrode Str+6} (curse)
rCorr    .         Harm     .   (no gloves)
MR       .....                  j - +1 pair of boots
Stlth    ..........             t - amulet of rage
HPRegen  0.22/turn              o - ring of protection from fire
MPRegen  0.14/turn              (no ring)

@: corroded, drained
A: no striking features
a: Minor Destruction, Renounce Religion, Evoke Berserk Rage


You were on level 8 of the Dungeon.
You worshipped Makhleb.
Makhleb was pleased with you.
You were not hungry.

You visited 2 branches of the dungeon, and saw 9 of its levels.

You collected 375 gold pieces.

Inventory:

Hand Weapons
 a - a +1 war axe (weapon)
Armour
 c - a +0 shield (worn)
 j - a +1 pair of boots (worn)
 s - a +1 scale mail of fire resistance (worn)
 z - a +2 ring mail of cold resistance
 A - the cursed +0 cloak of the Gusle (worn) {*Corrode Str+6}
   (You found it on level 4 of the Dungeon)

   It affects your strength (+6).
   It may corrode you when you take damage.
   If you remove this armour, your AC will fall 1 point (4 -> 3) It has a curse
   placed upon it.
 C - a +1 helmet of see invisible (worn)
Jewellery
 l - an uncursed amulet of harm
 o - a ring of protection from fire (left hand)
 t - an amulet of rage (around neck)
 u - a +6 ring of dexterity {unknown}
 y - an uncursed ring of wizardry
 H - a cursed ring of protection from cold {unknown}
Wands
 E - a wand of random effects (10)
 F - a wand of disintegration (9)
 I - a wand of paralysis (10)
Scrolls
 b - 2 scrolls of magic mapping
 h - 2 scrolls of enchant armour
 i - 4 scrolls of enchant weapon
 k - 4 scrolls of teleportation
 p - 2 scrolls of amnesia
 q - 4 scrolls of remove curse
 x - a scroll of fear
Potions
 d - a potion of might
 e - 2 potions of invisibility
 g - a potion of magic
 m - a potion of experience {unknown}
 n - 3 potions of brilliance {unknown}
 r - 4 potions of curing {unknown}
 v - a potion of lignification {unknown}
 w - a potion of agility {unknown}
 B - a potion of haste {unknown}
 D - 2 potions of cancellation {unknown}
 G - a potion of degeneration {unknown}
Comestibles
 f - 17 rations


   Skills:
 - Level 3.6(2.7) Fighting
 - Level 16.2(15.0) Axes
 - Level 3.2(2.4) Armour
 - Level 3.2(2.4) Shields
 + Level 7.4(6.4) Invocations


You had 9 spell levels left.
You didn't know any spells.
Your spell library contained the following spells:

 Spells                   Type           Power        Failure   Level  Hunger
 Animate Skeleton         Necr           N/A          99%         1    ##.....
 Pain                     Necr           #...         99%         1    ##.....
 Vampiric Draining        Necr           #.........   100%        3    ####...
 Animate Dead             Necr           N/A          100%        4    #####..
 Agony                    Necr           #.......     100%        5    ######.


Dungeon Overview and Level Annotations

Branches:
Dungeon (8/15)             Temple (1/1) D:4
   Lair: D:8-11

Altars:
Ashenzari
Cheibriados
Dithmenos
Fedhas
Gozag
Hepliaklqana
Kikubaaqudgha
Makhleb
Nemelex Xobeh
Okawaru
Qazlal
Sif Muna
Trog
Uskayaw
Vehumet
Wu Jian
Xom
Yredelemnul
Zin
The Shining One


Message History

You feel drained.
Your corrosive artefact corrodes you!
The orc warrior hits you with a +0 mace!
* * * LOW HITPOINT WARNING * * *
Your corrosive artefact corrodes you!
The wight hits you but does no damage.
Items here: ))) [[[ ††† Your scale mail prevents you from hitting the orc warrior.
The orc warrior is almost dead.
You hit the wight. You slash the wight! The wight hits you but does no damage.
The orc warrior hits you with a +0 mace!
* * * LOW HITPOINT WARNING * * *
Okay, then.
You slash the orc warrior!
You kill the orc warrior!
Makhleb accepts your kill.
You feel better.
You hit the wight. You hit the wight but do no damage.
The wight hits you with a +0 halberd.
* * * LOW HITPOINT WARNING * * *
Your corrosive artefact corrodes you!
You feel drained.
The wight hits you with a cursed +1 scimitar.
You die...

#.....###.#
##...>[...#
##.####### #.#
#.# ##### ##'##
#....##...##
#...z#†?...##
#8...@).....#
.....88z.......#
.....'.........+
..#.##.........#
. # ##.......##
##.....##
##...## #+##


You could see 2 wights.

Vanquished Creatures
  Maggie (D:6)
  A hippogriff (D:7)
  A wyvern (D:8)
  4 yaks (D:6)
  Eustachio (D:6)
  2 hungry ghosts
  An ice beast (D:6)
  2 orc warriors (D:8)
  A necrophage (D:8)
  3 ogres
  2 phantoms
  A centaur (D:5)
  Blork the orc (D:6)
  2 bullfrogs (D:6)
  A scorpion (D:7)
  4 killer bees (D:8)
  4 wights (D:7)
  3 crimson imps
  4 orc priests
  3 hounds
  2 jellies (D:6)
  A bullfrog skeleton (D:5)
  7 orc wizards
  An iguana (D:5)
  Crazy Yiuf (D:2)
  Terence (D:2)
  3 worker ants
  A howler monkey zombie (D:7)
  2 worker ant zombies (D:5)
  A howler monkey skeleton (D:5)
  8 gnolls (D:7)
  2 shadow imps
  3 oozes
  2 adder skeletons
  An adder zombie (D:5)
  3 leopard geckos
  19 orcs
  6 bats
  4 giant cockroaches
  2 goblins (D:1)
  7 hobgoblins
  10 jackals
  4 kobolds
  2 quokkas
  2 ball pythons
  5 frilled lizards
  A giant cockroach zombie (D:5)
  7 rats
150 creatures vanquished.

Notes
Turn   | Place    | Note
-------+----------+-------------------------------------------
     0 | D:1      | kae the Hill Orc Fighter began the quest for the Orb.
     0 | D:1      | Reached XP level 1. HP: 19/19 MP: 1/1
    62 | D:1      | Reached skill level 3 in Axes
   184 | D:1      | Reached XP level 2. HP: 26/26 MP: 2/2
   320 | D:1      | Reached skill level 4 in Axes
   768 | D:1      | Reached XP level 3. HP: 26/31 MP: 3/3
  1102 | D:2      | Noticed Terence
  1118 | D:2      | Killed Terence
  1118 | D:2      | Reached skill level 5 in Axes
  1336 | D:2      | Reached XP level 4. HP: 34/39 MP: 4/4
  1419 | D:2      | Found a runed translucent door.
  1420 | D:2      | Noticed Crazy Yiuf
  1540 | D:2      | Found a glowing silver altar of Zin.
  1829 | D:2      | Killed Crazy Yiuf
  1829 | D:2      | Reached skill level 6 in Axes
  1888 | D:3      | Found an ornate altar of the Wu Jian Council.
  2095 | D:3      | Found a glowing golden altar of the Shining One.
  2106 | D:3      | Found a basalt altar of Yredelemnul.
  2397 | D:3      | Noticed an angel
  2423 | D:4      | Reached XP level 5. HP: 42/45 MP: 5/5
  2485 | D:4      | Reached skill level 7 in Axes
  2505 | D:4      | Noticed an ogre
  2513 | D:4      | Killed an ogre
  2513 | D:4      | Reached skill level 8 in Axes
  2513 | D:4      | Reached XP level 6. HP: 28/51 MP: 6/6
  2621 | D:4      | Found a hide-covered altar of Uskayaw.
  2656 | D:4      | Found a staircase to the Ecumenical Temple.
  2674 | Temple   | Entered the Ecumenical Temple
  2736 | Temple   | Became a worshipper of Makhleb the Destroyer
  2754 | D:4      | Got a transparent cloak
  2765 | D:4      | Identified the cursed +0 cloak of the Gusle {*Corrode
                  | Str+6} (You found it on level 4 of the Dungeon)
  2851 | D:4      | Noticed a phantom
  2862 | D:4      | Killed a phantom
  2862 | D:4      | Reached skill level 9 in Axes
  3032 | D:5      | Entered Level 5 of the Dungeon
  3211 | D:5      | Noticed a phantom
  3219 | D:5      | Reached XP level 7. HP: 44/57 MP: 7/7
  3265 | D:5      | Reached skill level 10 in Axes
  3906 | D:5      | Reached skill level 11 in Axes
  3911 | D:5      | Found a glowing silver altar of Zin.
  4108 | D:6      | Noticed a yak
  4120 | D:6      | Killed a yak
  4120 | D:6      | Reached XP level 8. HP: 41/64 MP: 8/8
  4233 | D:6      | Noticed a yak
  4233 | D:6      | Noticed a yak
  4233 | D:6      | Noticed a yak
  4251 | D:6      | Killed a yak
  4251 | D:6      | Reached skill level 12 in Axes
  4259 | D:6      | Killed a yak
  4265 | D:6      | Killed a yak
  4265 | D:6      | Reached skill level 13 in Axes
  4599 | D:6      | Reached skill level 14 in Axes
  4599 | D:6      | Reached XP level 9. HP: 52/70 MP: 9/9
  4987 | D:6      | Noticed Maggie
  5005 | D:6      | Killed Maggie
  5018 | D:6      | Reached * piety under Makhleb
  5323 | D:6      | Noticed Blork the orc
  5332 | D:6      | Killed Blork the orc
  5332 | D:6      | Reached skill level 15 in Axes
  5605 | D:6      | Noticed Eustachio
  5617 | D:6      | Killed Eustachio
  6335 | D:7      | Reached skill level 16 in Axes
  6344 | D:7      | Reached skill level 1 in Invocations
  6700 | D:8      | Reached ** piety under Makhleb
  6751 | D:8      | Reached XP level 10. HP: 77/77 MP: 13/13
  6755 | D:8      | Reached skill level 5 in Invocations
  6815 | D:8      | Found a shadowy altar of Dithmenos.
  6895 | D:8      | HP: 1/77 [orc warrior/+0 mace (12)]
  6896 | D:8      | Slain by a wight

Levels and vault maps discovered:
D:1:      minmay_arrival_checkered_box, layout_basic, serial_glass,
          glass_columns_c, glass_columns_a, due_unseen_surprise,
          feat_on_display, lemuel_flame_loot_1
D:2:      layout_basic, zin_statuary, first_ration, uniq_terence,
          uniq_crazy_yiuf_cottage
D:3:      layout_basic, lemuel_crystal_altar, grunt_temple_overflow_holy_war
D:4:      layout_cave_pools, kennysheep_mini_moat,
          minmay_temple_entry_enclosed_plants
D:5:      layout_cave_pools, serial_column_ruins, column_ruins_temple_hall,
          column_ruins_courtyard_long, column_ruins_grid_3,
          column_ruins_open_small, column_ruins_columns_dead_end,
          minmay_joined_circles
D:6:      layout_layer_cave, uniq_eustachio, uniq_blork_the_orc, uniq_maggie
D:7:      layout_basic
D:8:      layout_loops_corners, nicolae_dithmenos_through_a_glass_darkly,
          serial_undead, serial_undead_c, serial_undead_f, serial_undead_d,
          serial_undead_a
Temple:   zaba_magenta_temple

Skill      XL: |  1  2  3  4  5  6  7  8  9 10 |
---------------+-------------------------------+-----
Axes           | 3 4 5 6 8 9 11 14 16 | 16.2
Invocations    | 4 7 |  7.4
Fighting       | |  3.6
Armour         | |  3.2
Shields        | |  3.2

Action                   |  1- 3 |  4- 6 |  7- 9 | 10-12 || total
-------------------------+-------+-------+-------+-------++-------
Melee: War axe           |    77 |   106 |   258 |    54 ||   495
 Abil: Evoke Berserk Rag |       |       |     1 |       ||     1
Evoke: Wand              |       |       |     5 |       ||     5
  Use: Scroll            |     3 |     9 |     1 |       ||    13
       Potion            |       |       |     1 |       ||     1
  Eat: Chunk             |     1 |     5 |    15 |       ||    21
       Ration            |       |       |       |     1 ||     1
Armor: Scale mail        |    34 |    51 |    58 |    17 ||   160
       Ring mail         |       |    12 |    14 |       ||    26
Dodge: Dodged            |    33 |    35 |    40 |    15 ||   123
Block: Shield            |    32 |    49 |    82 |    17 ||   180

Table legend:
 A = Non-vault XP
 B = Vault XP
 C = Vault XP percentage of total XP
 D = Non-vault monster count
 E = Vault monster count
 F = Vault count percentage of total count
                 A         B        C        D         E       F
            +---------+---------+-------+---------+---------+-------
      Total |    4632 |    1071 |  18.8 |     136 |      14 |   9.3
            +---------+---------+-------+---------+---------+-------
        D:1 |      34 |       0 |   0.0 |      19 |       0 |   0.0
        D:2 |      21 |      72 |  77.4 |      12 |       2 |  14.3
        D:3 |      35 |       0 |   0.0 |      18 |       0 |   0.0
        D:4 |     390 |       0 |   0.0 |      13 |       0 |   0.0
        D:5 |     349 |     214 |  38.0 |      13 |       8 |  38.1
        D:6 |    1549 |     664 |  30.0 |      18 |       3 |  14.3
        D:7 |    1059 |       0 |   0.0 |      23 |       0 |   0.0
        D:8 |    1195 |     121 |   9.2 |      20 |       1 |   4.8
            +---------+---------+-------+---------+---------+-------
